 Dungeon Crawl Stone Soup version 0.31-a0-188-g5e087ee2ca (webtiles) character file.

Game seed: 17113024491808713131

27 qw the Shooter (level 2, 0/16 HPs)
             Began as a Deep Elf Hunter on June 22, 2023.
             Slain by an iguana (2 damage)
             ... on level 2 of the Dungeon.
             The game lasted 00:00:14 (541 turns).

qw the Shooter (Deep Elf Hunter)                     Turns: 541, Time: 00:00:15

Health: 0/16       AC:  5    Str:  8    XL:     2   Next: 93%
Magic:  4/4        EV: 10    Int: 13    God:
Gold:   61         SH:  0    Dex: 18    Spells: 1/1 levels left

rFire   . . .        Y - +1 shortbow
rCold   . . .        (shield currently unavailable)
rNeg    . . .        f - +0 ring mail
rPois   .            (no helmet)
rElec   .            (no cloak)
rCorr   .            (no gloves)
SInv    .            (no boots)
Will    .....        (no amulet)
Stlth   +            (no ring)
HPRegen 0.22/turn    (no ring)
MPRegen 0.09/turn

%: no passive effects
@: no status effects
A: no striking features
a: no special abilities


You were on level 2 of the Dungeon.
You visited 1 branch of the dungeon, and saw 2 of its levels.

You collected 61 gold pieces.


   Skills:
 - Level 1.5 Fighting
 + Level 6.6 Ranged Weapons
 - Level 2.4 Dodging
 - Level 1.2 Stealth


You had one spell level left.
You didn't know any spells.
Your spell library was empty.

Inventory:

Hand Weapons
 Y - a +1 shortbow (weapon)
Armour
 f - a +0 ring mail (worn)
Potions
 a - a potion of invisibility {unknown}
 d - a potion of attraction {unknown}
 h - a potion of curing
 k - a potion of enlightenment {unknown}

Dungeon Overview and Level Annotations

Branches:
Dungeon (2/15)

Altars:

Shops:
D:1 =


Message History

You shoot an arrow. The arrow hits the adder.
The adder is severely wounded.
You shoot an arrow. The arrow closely misses the adder.
You shoot an arrow. The arrow hits the adder.
You kill the adder!
You see here an adder corpse.
Found a dagger.
Found a stone staircase leading down.
A bat comes into view.
You shoot an arrow. The arrow hits the bat.
The bat is moderately wounded.
The bat barely misses you.
You shoot an arrow. The arrow hits the bat.
You kill the bat!
Found a book of Party Tricks.
Found Ozocubu's Autobiography.
There is a stone staircase leading down here.
Found a hand axe.
a - a coppery potion
Found a dagger.
You now have 61 gold pieces (gained 13).
An iguana comes into view.
You shoot an arrow. The arrow closely misses the iguana.
The iguana hisses angrily.
You shoot an arrow. The arrow hits the iguana.
The iguana is moderately wounded.
You shoot an arrow. The arrow barely misses the iguana.
You shoot an arrow.
The arrow hits the iguana but does no damage.
The iguana is moderately wounded.
You shoot an arrow. The arrow completely misses the iguana.
You shoot an arrow.
The arrow hits the iguana but does no damage.
The iguana is moderately wounded.
The iguana bites you.
You shoot an arrow. The arrow hits the iguana.
The iguana is heavily wounded.
The iguana bites you.
You shoot an arrow. The arrow closely misses the iguana.
The iguana bites you. x2
You die...

#.#.#.#######...(...###
#.#.#......##.#####.# #
######..........##.#
#.###
.........>......##.#
#.#..
####..........##.#
#.#.# ###..........##.#
#.#.# #....)...######.#
#.#.# #.:......#### #.#
#.#.# #.......@...# #.#
.......:#l.....# #.#
......#..#......# #.#
..^...#)........# #.#
.######..#....).# #.#
##.#......# #.#
.........# #.. ####...#
###


You could see an iguana.

Vanquished Creatures
  An adder (D:2)
  2 endoplasms (D:1)
  A giant cockroach (D:1)
  A goblin (D:1)
  A hobgoblin (D:1)
  2 jackals (D:1)
  A kobold (D:1)
  3 ball pythons
  A bat (D:2)
  A frilled lizard (D:1)
  4 rats
18 creatures vanquished.

Notes
Turn   | Place    | Note
-------+----------+-------------------------------------------
     0 | D:1      | qw the Deep Elf Hunter began the quest for the Orb.
     0 | D:1      | Reached XP level 1. HP: 12/12 MP: 3/3
     0 | D:1      | 0 ||| qw: Version: 0.3-a-9-g12657ce
     0 | D:1      | 0 ||| qw: Game counter: 3040
     0 | D:1      | 0 ||| qw: Always use a shield: true
     0 | D:1      | 0 ||| qw: God list: Okawaru
     0 | D:1      | 0 ||| qw: Allow faded altars: false
     0 | D:1      | 0 ||| qw: Do Orc after D:15 true
     0 | D:1      | 0 ||| qw: Do second Lair branch before Depths: true
     0 | D:1      | 0 ||| qw: Lair rune preference: random
     0 | D:1      | 0 ||| qw: Plans: Normal
     0 | D:1      | 0 ||| PLANNING D:1-11
   148 | D:1      | Found Riympaet's One-of-a-Kind Rings.
   152 | D:1      | 152 ||| SHOPLISTING +2 ring of strength (39 gold, have 9).
   152 | D:1      | 152 ||| SHOPLISTING +3 ring of protection (273 gold, have
                  | 9).
   152 | D:1      | 152 ||| SHOPLISTING +7 ring of evasion (858 gold, have 9).
   152 | D:1      | 152 ||| SHOPLISTING +7 ring of protection (1345 gold, have
                  | 9).
   152 | D:1      | 152 ||| SHOPLISTING +8 ring of strength (715 gold, have 9).
   152 | D:1      | 152 ||| SHOPLISTING ring "Mugodal" {Str+6 Int+6} (722 gold,
                  | have 9).
   152 | D:1      | 152 ||| SHOPLISTING ring of Guer {rN+ Str+5 Int+3} (569
                  | gold, have 9).
   193 | D:1      | Reached XP level 2. HP: 16/16 MP: 4/4
   196 | D:1      | Reached skill level 6 in Ranged Weapons
   432 | D:1      | 432 ||| UPGRADING to +0 ring mail.
   442 | D:1      | 442 ||| DROPPING +0 leather armour.
   443 | D:1      | 443 ||| READING scroll labelled WIUTUA BAYM.
   444 | D:1      | 444 ||| READING scroll labelled XUTOUS LOPA.
   445 | D:1      | 445 ||| READING scroll labelled HIBONU DI AFEPOI.
   446 | D:1      | 446 ||| READING scroll labelled KESOIROUSM.
   447 | D:1      | 447 ||| DRINKING 2 emerald potions.
   448 | D:1      | 448 ||| DROPPING scroll of butterflies.
   541 | D:2      | HP: 2/16 [iguana (6)]
   541 | D:2      | Slain by an iguana

Levels and vault maps discovered:
D:1:      dpeg_arrival_connections, layout_basic, nicolae_shop_unique_rings
D:2:      layout_basic

Skill      XL: |  1  2 |
---------------+-------+-----
Ranged Weapons | 6 |  6.6
Fighting       | |  1.5
Dodging        | |  2.4
Stealth        | |  1.2

Action                     || total
---------------------------++-------
   Fire: Shortbow          ||    43
    Use: Scroll            ||     4
         Potion            ||     1
  Dodge: Dodged            ||     1

Table legend:
 A = Non-vault XP
 B = Vault XP
 C = Vault XP percentage of total XP
 D = Non-vault monster count
 E = Vault monster count
 F = Vault count percentage of total count
                 A         B        C        D         E       F
            +---------+---------+-------+---------+---------+-------
      Total |      39 |       0 |   0.0 |      18 |       0 |   0.0
            +---------+---------+-------+---------+---------+-------
        D:1 |      23 |       0 |   0.0 |      14 |       0 |   0.0
        D:2 |      16 |       0 |   0.0 |       4 |       0 |   0.0
            +---------+---------+-------+---------+---------+-------
